 Dungeon Crawl Stone Soup version 0.17-a0-1769-g54adf96 (webtiles) character file.

6051 TruthSerum the Basher (level 10, -8/110 HPs)
             Began as an Ogre Berserker on Sept 7, 2015.
             Was a High Priest of Trog.
             Mangled by Urug
             ... wielding a +0 broad axe
              (15 damage)
             ... on level 10 of the Dungeon.
             The game lasted 00:41:41 (9613 turns).

TruthSerum the Basher (Ogre Berserker)              Turns: 9613, Time: 00:41:41

Health: -8/110     AC:  8    Str: 24    XL:     10   Next: 87%
Magic:  13/13      EV: 10    Int:  9    God:    Trog [*****.]
Gold:   636        SH:  0    Dex:  9    Spells: 0 memorised, 9 levels left

rFire  . . .     SeeInvis .     g - +0 giant club
rCold  . . .     Clarity  .     v - +2 robe {MR+}
rNeg   . . .     SustAt   .     (no shield)
rPois  .         Gourm    .     x - +2 hat
rElec  .         Spirit   .     h - +0 cloak
rCorr  .         Warding  .     (gloves unavailable)
rMut   .         Stasis   .     (boots unavailable)
MR     +++..                    (no amulet)
Stlth  +.........               (no ring)
                                i - ring of protection from magic

@: exhausted, slowed, very slow, extremely resistant to hostile enchantments,
very unstealthy
A: unfitting armour, tough skin 1
a: Burn Spellbooks, Berserk, Trog's Hand, Brothers in Arms, Renounce Religion


You were on level 10 of the Dungeon.
You worshipped Trog.
Trog was extremely pleased with you.
You were very hungry.

You visited 1 branch of the dungeon, and saw 10 of its levels.

You collected 636 gold pieces.

Inventory:

Hand weapons
 g - a +0 giant club (weapon)
 j - a +0 dire flail
Armour
 h - a +0 cloak (worn)
 v - a +2 robe of magic resistance (worn)
 w - a +1 fire dragon armour
 x - a +2 hat (worn)
Jewellery
 i - a ring of protection from magic (left hand)
Magical devices
 p - a wand of lightning (12)
 A - a wand of fireball (9)
Scrolls
 m - 3 scrolls of teleportation
 n - a scroll of immolation
 o - a scroll of fear
 r - a scroll of remove curse
 s - 2 scrolls of recharging
 B - a scroll of amnesia
 G - a scroll of magic mapping
Potions
 d - 2 potions of might
 e - 2 potions of lignification
 f - 3 potions of ambrosia
 k - 4 potions of haste
 q - 3 potions of agility
 C - 5 potions of curing
 H - a potion of brilliance
Comestibles
 a - 3 beef jerkies
 b - 2 slices of pizza
 c - 10 bread rations
 l - 6 meat rations
 t - a royal jelly
 z - 9 fruits
 D - 9 chunks of flesh


   Skills:
 - Level 10.0 Fighting
 * Level 13.8 Maces & Flails
 + Level 6.9 Throwing
 + Level 1.3 Armour
 + Level 3.5 Dodging
 + Level 5.2 Evocations


You had 9 spell levels left.
You didn't know any spells.

Dungeon Overview and Level Annotations

Branches:
Dungeon (10/15)            Temple (0/1) D:6            Lair (0/8) D:10
    Orc: D:9-12

Altars:
Ashenzari
Cheibriados
Elyvilon
Makhleb
Nemelex Xobeh
Okawaru
Qazlal
Trog
Yredelemnul
Zin
The Shining One

Annotations:
D:10 Urug


Innate Abilities, Weirdness & Mutations

You are too large for most types of armour.
You have tough skin (AC +1).


Message History

You closely miss Urug.
Urug is heavily wounded.
Urug squints, then shrugs and mutters, "Close enough."
Urug hits you with a broad axe!!
* * * LOW HITPOINT WARNING * * *
You hit Urug but do no damage.
Urug is heavily wounded.
Urug hits you with a broad axe!!
* * * LOW HITPOINT WARNING * * *
You closely miss Urug.
Urug is heavily wounded.
Urug hits you with a broad axe!
* * * LOW HITPOINT WARNING * * *
You closely miss Urug.
Urug is heavily wounded.
Urug completely misses you.
You hit Urug but do no damage.
Urug is heavily wounded.
Urug hits you with a broad axe!
You die...

♣♣♣ ♣P..♣ ♣TP♣ ####... P.♣♣♣♣♣..♣
♣T♣♣ ###. .....♣♣..♣ ♣♣.♣♣ ##
.........♣♣ ♣.P♣♣ ..........♣♣♣
♣...♣♣ )≈≈≈≈≈≈≈≈...♣♣ ♣♣♣..♣♣ ###
≈≈≈≈≈≈≈≈≈....♣♣♣♣♣♣♣♣..♣♣♣♣♣♣♣♣P#
≈≈≈≈≈≈≈≈≈≈≈(.P....♣P...P..PP..♣..
≈≈≈(≈≈≈≈≈≈(≈(((.@o...............
....((≈≈≈≈≈≈≈.PP..(P.P.P.....P.PP
.......≈≈≈≈≈≈≈...................
....(..≈≈≈≈≈≈≈.PP..PPP.PPPPPP.P.P
......≈≈≈≈≈≈≈≈...................
...≈≈≈≈≈≈≈≈P.PPP..PP.PP..PP...
..≈≈≈≈≈≈≈≈...................
≈≈≈≈≈≈≈≈≈≈P.PP.PPPP.PPP.PPPP
.....≈≈≈≈≈≈≈≈≈...................


You could see Urug.

Vanquished Creatures
  Pikel (D:5)
  A hill giant (D:10)
  The ghost of shazflesh the Slasher, an experienced DsAK of Lugonu (D:8)
  A hog (D:10)
  A spriggan (D:7)
  A wyvern (D:9)
  A steam dragon (D:7)
  A hippogriff (D:9)
  Menkaure (D:5)
  Edmund (D:4)
  3 orc warriors (D:9)
  An ogre (D:10)
  3 black bears
  A phantom (D:4)
  3 centaurs
  4 ice beasts
  A necrophage (D:9)
  Blork the orc (D:5)
  5 giant frogs
  A jelly (D:8)
  3 scorpions
  A water moccasin skeleton (D:10)
  2 centaur zombies
  6 hounds
  2 centaur skeletons
  2 crimson imps
  6 orc wizards
  Jessica (D:2)
  2 giant frog skeletons
  3 iguanas
  6 orc priests
  9 worker ants
  7 sheep (D:10)
  A hound skeleton (D:8)
  2 hound zombies
  3 gnolls (D:2)
  2 worker ant zombies
  10 adders
  A shadow imp (D:9)
  An ooze (D:5)
  An adder skeleton (D:9)
  2 worms
  11 giant geckos
  32 orcs
  3 giant cockroaches
  7 goblins
  6 hobgoblins
  8 jackals
  5 quokkas
  5 bats
  6 giant newts
  7 kobolds
  13 rats
  4 plants (D:10)
213 creatures vanquished.

Vanquished Creatures (collateral kills)
  A hippogriff (D:10)
1 creature vanquished.

Vanquished Creatures (others)
  A crimson imp (D:5)
  2 orc wizards (D:5)
  2 orcs (D:5)
5 creatures vanquished.

Grand Total: 219 creatures vanquished

Notes
Turn   | Place    | Note
--------------------------------------------------------------
     0 | D:1      | TruthSerum the Ogre Berserker began the quest for the Orb.
     0 | D:1      | Reached XP level 1. HP: 24/24 MP: 1/1
   145 | D:1      | Reached XP level 2. HP: 13/32 MP: 2/2
   836 | D:2      | Acquired Trog's second power
   836 | D:2      | Reached skill level 5 in Maces & Flails
   836 | D:2      | Reached XP level 3. HP: 14/39 MP: 3/3
  1227 | D:2      | Reached XP level 4. HP: 12/49 MP: 4/4
  1458 | D:2      | Noticed Jessica
  1469 | D:2      | Killed Jessica
  1469 | D:2      | Reached skill level 6 in Maces & Flails
  1484 | D:2      | Found a glowing golden altar of the Shining One.
  1854 | D:2      | Reached XP level 5. HP: 26/55 MP: 5/5
  2033 | D:3      | Reached skill level 5 in Fighting
  2721 | D:3      | Reached skill level 7 in Maces & Flails
  2726 | D:3      | Reached XP level 6. HP: 12/67 MP: 6/6
  3016 | D:4      | Noticed Edmund
  3029 | D:4      | Killed Edmund
  3029 | D:4      | Reached skill level 8 in Maces & Flails
  3162 | D:4      | Reached XP level 7. HP: 53/76 MP: 7/7
  3215 | D:4      | Reached skill level 1 in Evocations
  3289 | D:4      | Found a white marble altar of Elyvilon.
  3322 | D:4      | Found a snail-covered altar of Cheibriados.
  3325 | D:4      | Found a basalt altar of Yredelemnul.
  3326 | D:4      | Found a shattered altar of Ashenzari.
  3752 | D:5      | Entered Level 5 of the Dungeon
  3779 | D:5      | Noticed Menkaure
  3792 | D:5      | Killed Menkaure
  3792 | D:5      | Reached skill level 9 in Maces & Flails
  3792 | D:5      | Reached skill level 1 in Throwing
  3994 | D:5      | Noticed Pikel
  4009 | D:5      | Killed Pikel
  4009 | D:5      | Reached skill level 10 in Maces & Flails
  4009 | D:5      | Reached XP level 8. HP: 71/87 MP: 9/9
  4447 | D:5      | Found a glowing silver altar of Zin.
  4447 | D:5      | Found a burning altar of Makhleb.
  4447 | D:5      | Noticed Blork the orc
  4450 | D:5      | Killed Blork the orc
  4451 | D:5      | Noticed a blizzard demon
  4451 | D:5      | Noticed an angel
  4862 | D:6      | Found a stormy altar of Qazlal.
  4951 | D:6      | Reached XP level 9. HP: 52/96 MP: 11/11
  5162 | D:6      | Acquired Trog's third power
  5199 | D:6      | Reached skill level 11 in Maces & Flails
  5218 | D:6      | Found a sparkling altar of Nemelex Xobeh.
  5310 | D:6      | Found a staircase to the Ecumenical Temple.
  6247 | D:7      | Reached skill level 5 in Throwing
  6639 | D:8      | Reached skill level 12 in Maces & Flails
  6928 | D:8      | Noticed shazflesh's ghost (experienced DsAK)
  6939 | D:8      | Killed shazflesh's ghost
  7087 | D:8      | Reached XP level 10. HP: 88/107 MP: 13/13
  8041 | D:9      | Reached skill level 13 in Maces & Flails
  8427 | D:9      | Found a bloodstained altar of Trog.
  8427 | D:9      | Found an iron altar of Okawaru.
  8915 | D:10     | Entered Level 10 of the Dungeon
  8944 | D:10     | Found a staircase to the Lair.
  8979 | D:10     | Reached skill level 10 in Fighting
  9010 | D:10     | Reached skill level 5 in Evocations
  9433 | D:10     | Identified a scroll of acquirement
  9505 | D:10     | Received a gift from Trog
  9507 | D:10     | Reached skill level 1 in Armour
  9571 | D:10     | Noticed a hill giant
  9577 | D:10     | Killed a hill giant
  9598 | D:10     | Noticed Urug
  9613 | D:10     | Mangled by Urug

Vault maps used:
D:1:      scummos_arrival_simple_fountains, grunt_decor_cap
D:2:      tso_altar, minmay_crystal_room, kennysheep_generic_room_13,
          uniq_jessica
D:3:      first_bread
D:4:      minitemple, serial_forest, infiniplex_forest_clump_diagonal,
          infiniplex_forest_straight_5, infiniplex_forest_clump_small,
          infiniplex_forest_lined_4_way, infiniplex_forest_straight_4,
          infiniplex_forest_fountain, infiniplex_forest_corner_1,
          infiniplex_forest_clump_C, hangedman_decor_diamond_cutter, uniq_edmund
D:5:      grunt_temple_overflow_order_and_chaos_2, serial_glass,
          glass_columns_b, glass_columns_a, minivault_25, uniq_blork_the_orc,
          uniq_pikel, uniq_menkaure
D:6:      lemuel_crystal_altar, minmay_temple_entry_statues_fountains,
          grunt_qazlal_sundering
D:7:      the_bakery, hangedman_decor_growths
D:9:      boulder_corridor_run, grunt_temple_overflow_bloody_war, spider_trap
D:10:     kennysheep_town, uniq_urug

Action                   |  1- 3 |  4- 6 |  7- 9 | 10-12 || total
-------------------------+-------+-------+-------+-------++-------
Melee: Mace              |    98 |   189 |       |       ||   287
       Dire flail        |       |    18 |   231 |   201 ||   450
       Giant club        |       |       |       |    16 ||    16
Throw: Large rock        |       |       |    36 |    20 ||    56
Invok: Berserk           |     1 |     3 |     3 |     1 ||     8
       Burn Spellbooks   |       |       |     2 |     1 ||     3
  Use: Scroll            |     1 |     5 |     3 |    12 ||    21
 Stab: Sleeping          |     3 |     1 |       |       ||     4
       Distracted        |       |       |     1 |       ||     1
  Eat: Chunk             |     1 |     9 |    11 |     8 ||    29
       Beef jerky        |       |     1 |       |       ||     1
       Fruit             |       |       |     5 |       ||     5
